 Dungeon Crawl Stone Soup version 0.16.2-12-gd0ad4c3 (webtiles) character file.

210970 faibistes the Eclecticist (level 18, -8/105 HPs)
             Began as a Deep Elf Wizard on July 19, 2018.
             Was the Champion of Sif Muna.
             Mangled by a snapping turtle (25 damage)
             ... on level 4 of the Shoals on July 20, 2018.
             The game lasted 03:26:26 (60159 turns).

faibistes the Eclecticist (Deep Elf Wizard)        Turns: 60159, Time: 03:26:28

Health: -8/105     AC: 12    Str:  4    XL:     18   Next: 20%
Magic:  9/63       EV: 17    Int: 35    God:    Sif Muna [******]
Gold:   1989       SH:  0    Dex: 13    Spells: 11 memorised, 2 levels left

rFire  + . .     SeeInvis .     w - staff of power
rCold  x . .     Clarity  .     D - +4 robe of the Merchant {Int+3}
rNeg   . . .     SustAb   .     (no shield)
rPois  .         Gourm    +     R - +2 hat
rElec  .         Spirit   .     I - +0 cloak
rCorr  .         Warding  .     F - +2 pair of gloves
rMut   .         Stasis   .     (no boots)
MR     +....                    N - amulet of the gourmand
Stlth  ++........               y - ring of magical power
                                A - ring of fire

@: about to teleport, engulfed (cannot breathe), mesmerised, somewhat resistant
to hostile enchantments, unstealthy
A: no striking features
a: Channel Energy, Forget Spell, Renounce Religion
}: 1/15 runes: gossamer


You were on level 4 of the Shoals.
You worshipped Sif Muna.
Sif Muna was exalted by your worship.
You were not hungry.

You visited 7 branches of the dungeon, and saw 37 of its levels.
You visited 1 bazaar.
You also visited: Bailey.

You collected 4262 gold pieces.
You spent 2273 gold pieces at shops.

Inventory:

Hand weapons
 c - the +8 mace of Destiny {crush, Int+4}
   (You took it off a deep elf high priest on level 1 of the Elven Halls)

   It inflicts extra damage upon your enemies.
   It affects your intelligence (+4).
Armour
 z - a +2 robe of fire resistance
 D - the +4 robe of the Merchant (worn) {Int+3}
   (You found it on level 5 of the Dungeon)

   It affects your intelligence (+3).
 F - a +2 pair of gloves (worn)
 I - a +0 cloak (worn)
 K - the +2 pair of gloves "Sieraicw" {rN+ MR+ Int-2}
   (You took it off Nikola on level 2 of the Shoals)

   It affects your intelligence (-2).
   It protects you from negative energy.
   It affects your resistance to hostile enchantments.
 P - a +1 robe of magic resistance
 R - a +2 hat (worn)
Magical staves
 w - an uncursed staff of power (weapon)
Jewellery
 f - an uncursed ring of see invisible
 n - an uncursed amulet of regeneration
 s - an uncursed ring of flight
 y - a ring of magical power (right hand)
 A - a ring of fire (left hand)
 C - an uncursed ring of ice
 J - an uncursed ring of positive energy
 N - an amulet of the gourmand (around neck)
Magical devices
 a - a wand of slowing (28)
 e - a wand of cold (3)
 m - a wand of polymorph (8)
 v - a wand of enslavement (9)
 B - a wand of digging (11)
 E - a wand of draining (1)
 G - a wand of confusion (31)
 L - a wand of fireball (0)
 M - a wand of disintegration (18)
 S - a wand of teleportation (3)
 V - a wand of lightning (0)
 W - a wand of slowing (19)
Scrolls
 b - 15 scrolls of teleportation
 g - 3 scrolls of fog
 j - 8 scrolls of remove curse
 k - a scroll of holy word
 l - 5 scrolls of immolation
 p - 8 scrolls of blinking
 r - 5 scrolls of recharging
 X - 9 scrolls of identify
 Z - 7 scrolls of fear
Potions
 h - 4 potions of heal wounds
 i - 5 potions of flight
 o - 6 potions of ambrosia
 q - a potion of invisibility
 t - 2 potions of cancellation
 x - 5 potions of brilliance
 H - 6 potions of restore abilities
 O - 4 potions of curing
 Q - 3 potions of haste
Comestibles
 d - 16 bread rations
 u - 3 royal jellies
 T - 7 meat rations


   Skills:
 + Level 9.0 Fighting
 - Level 10.0 Dodging
 - Level 2.4 Stealth
 * Level 19.2 Spellcasting
 + Level 12.6 Conjurations
 * Level 8.4 Charms
   Level 5.0 Summonings
 * Level 12.9 Translocations
   Level 3.0 Transmutations
 + Level 13.1 Fire Magic
 - Level 5.1 Air Magic
 * Level 11.0 Earth Magic
 - Level 2.3 Poison Magic
 - Level 10.1 Invocations
 - Level 9.0 Evocations


You had 2 spell levels left.
You knew the following spells:

 Your Spells              Type           Power        Failure   Level  Hunger
a - Airstrike             Air            ######....   1%          4    None
b - Conjure Flame         Conj/Fire      ########     0%          3    None
c - Iskenderun's Battles  Conj/Chrm      #######.     1%          5    None
d - Controlled Blink      Tloc           N/A          4%          7    ##.....
e - Mephitic Cloud        Conj/Pois/Air  ######..     1%          3    None
f - Deflect Missiles      Chrm/Air       ######....   12%         6    None
j - Iron Shot             Conj/Erth      #######...   1%          6    None
l - Lee's Rapid Deconstr  Erth           #######...   1%          5    None
v - Bolt of Magma         Conj/Fire/Erth ########..   1%          5    None
x - Force Lance           Conj/Tloc      #######.     1%          4    None
z - Fireball              Conj/Fire      ########..   1%          5    None


Dungeon Overview and Level Annotations

Branches:
Dungeon (13/15)            Temple (1/1) D:5            Lair (8/8) D:9
 Shoals (4/5) Lair:3       Spider (5/5) Lair:6        Slime (0/6) Lair:6
    Orc (4/4) D:11            Elf (2/3) Orc:3
 Vaults: D:13-14

Altars:
Ashenzari
Cheibriados
Dithmenos
Elyvilon
Fedhas
Gozag
Kikubaaqudgha
Makhleb
Nemelex Xobeh
Okawaru
Qazlal
Ru
Sif Muna
Trog
Vehumet
Xom
Yredelemnul
Zin
The Shining One
Beogh
Jiyva

Shops:
D:5 ?   D:12 ?   Orc:4 ([(?

Portals:
Trove: D:11 (give 15 scrolls of teleportation)
Ice
Cave: Shoals:4


Message History

Zapping:
v - a wand of enslavement (will waste charges)
Press: ? - help, Shift-Dir - straight line, f - water elemental, p - siren
Aim: a water elemental (lightly damaged, magic immune)
Okay, then.
Evoke which item? (* to show all) (? for menu, Esc to quit)
Zapping:
M - a wand of disintegration (will waste charges)
Press: ? - help, Shift-Dir - straight line, f - water elemental, p - siren
Aim: a water elemental (lightly damaged, magic immune)
Okay, then.
Evoke which item? (* to show all) (? for menu, Esc to quit)
Zapping:
e - a wand of cold (will waste charges)
Press: ? - help, Shift-Dir - straight line, f - water elemental, p - siren
Aim: a water elemental (lightly damaged)
The bolt of cold hits the water elemental.
The water elemental is heavily damaged.
Evoking this partially-identified wand wasted a few charges.
* * * LOW HITPOINT WARNING * * *
Your lungs strain for air!
The snapping turtle bites you from afar!!
You die...

... ...∩.....
P.......t..
.P........"≈≈
.....m=)...≈≈≈≈
...P........≈≈≈
≈≈≈P[.)t.t...≈P
P≈≈P≈P.5......≈P≈
≈P≈PPPPP@E.$..§§≈
≈≈P≈≈≈≈......≈≈≈≈
PP≈≈≈≈≈)...≈≈≈≈
P≈P≈≈≈≈≈≈≈≈≈≈≈≈
≈≈≈≈≈≈P≈≈≈≈≈≈≈≈
≈≈≈≈≈≈≈≈≈≈≈≈≈
≈≈≈≈≈≈≈≈≈≈≈
≈≈≈≈≈≈≈≈≈ ≈≈≈


You could see 3 snapping turtles, a water elemental, a siren and a white imp.

Vanquished Creatures
  Mara (Shoals:3)
  Nikola (Shoals:2)
  A deep elf blademaster (Elf:2)
  Donald (Shoals:1)
  Maud (Spider:1)
  2 orc warlords
  4 ghost moths (Spider:5)
  Louise (Shoals:3)
  8 emperor scorpions
  A deep elf sorcerer (Elf:2)
  A dire elephant (Lair:8)
  A deep elf demonologist (Elf:1)
  A deep elf annihilator (Elf:1)
  A merfolk javelineer (Shoals:2)
  3 merfolk impalers
  Josephine (D:10)
  3 deep elf high priests (Elf:1)
  Fannar (D:10)
  5 hydras
  2 catoblepae
  The ghost of faibistes the Thaumaturge, a powerful DEWz of Sif Muna (Lair:2)
  A merfolk avatar (Shoals:2)
  14 dancing weapons (Elf:2)
  12 death yaks
  A deep troll shaman (Lair:8)
  2 orc high priests (Elf:1)
  Erolcha (Orc:1)
  15 deep elf knights
  An unseen horror (D:8)
  6 sea snakes
  11 orc knights
  6 deep elf summoners
  4 hill giants
  Pikel (D:9)
  5 orc sorcerers
  15 deep elf conjurers
  5 harpies
  The ghost of faibistes the Thaumaturge, an experienced DEWz of Sif Muna (Bailey)
  10 orb spiders
  20 wolf spiders
  3 cyclopes
  7 griffons
  4 water nymphs
  12 fauns
  9 manticores
  An ugly thing (D:13)
  7 sirens
  9 black mambas
  3 elephants (Lair:8)
  3 torpor snails
  21 spiny frogs
  12 komodo dragons
  2 fire drakes
  8 demonic crawlers
  A troll (shapeshifter) (Elf:2)
  6 deep elf priests
  17 merfolk
  4 polar bears
  A wind drake (Shoals:1)
  6 trolls
  22 jumping spiders
  A two-headed ogre (D:11)
  Prince Ribbit (D:5)
  A queen bee (D:10)
  A boulder beetle (Spider:2)
  10 blink frogs
  4 basilisks
  5 wraiths (D:10)
  30 trapdoor spiders
  21 deep elf magi
  A spriggan (D:7)
  3 water elementals
  A wyvern (Lair:5)
  6 snapping turtles
  32 redbacks
  57 yaks
  22 deep elf fighters
  21 tarantellas
  13 hippogriffs
  A soldier ant (D:11)
  2 hungry ghosts
  2 wargs (Orc:2)
  Edmund (Orc:2)
  5 wolves (Lair:8)
  17 water moccasins
  2 necrophages
  55 orc warriors
  7 black bears
  2 eyes of draining
  9 porcupines
  32 spiders
  4 centaurs
  3 ice beasts
  5 sky beasts
  A phantom (D:4)
  12 ogres
  3 boring beetles
  17 crocodiles
  Sigmund (D:6)
  2 big kobolds
  A wyvern zombie (D:10)
  25 giant frogs
  A water moccasin zombie (D:8)
  2 wyvern skeletons
  9 scorpions
  38 killer bees
  5 wights (D:7)
  7 electric eels
  5 crimson imps
  2 goliath beetles (D:6)
  A centaur zombie (D:8)
  11 iguanas
  46 orc wizards
  39 orc priests
  A quasit (D:11)
  9 hounds
  A jelly (D:9)
  2 centaur skeletons
  2 giant frog skeletons (D:12)
  7 worker ants
  22 sheep
  A worker ant zombie (D:6)
  3 gnolls (D:3)
  19 adders
  An orc zombie (Orc:3)
  26 river rats
  A shadow imp (D:11)
  4 giant mites
  10 white imps (Shoals:4)
  2 worms (D:2)
  2 adder skeletons
  The ghost of GammafunkIsRetarded the Chiller, a weakling HEIE of Ru (D:4)
  8 giant geckos
  An ooze (D:1)
  220 orcs
  2 ball pythons
  19 bats
  A bat skeleton (D:8)
  7 giant cockroaches
  22 hobgoblins
  4 jackals (D:1)
  11 quokkas
  A giant gecko skeleton (D:4)
  3 giant newts
  26 goblins
  A jackal skeleton (D:4)
  28 kobolds
  14 rats
  3 ballistomycetes
  A bush (Lair:7)
  A fungus (Lair:5)
  6 plants
1428 creatures vanquished.

Vanquished Creatures (collateral kills)
  A dancing weapon (Elf:2)
  2 death yaks
  A deep elf knight (Elf:2)
  A deep elf summoner (Elf:1)
  An orc knight (Elf:1)
  3 blink frogs (Lair:7)
  A tarantella (Elf:1)
  6 yaks
  A warg (Orc:1)
  4 orc warriors
  An ogre (Orc:1)
  9 killer bees
  3 orc priests (Orc:1)
  3 orc wizards
  A hell rat (Elf:1)
  6 sheep (Lair:5)
  38 river rats
  26 orcs
  A rat (D:4)
  A bush (Lair:5)
  20 fungi
  9 plants
139 creatures vanquished.

Vanquished Creatures (others)
  A dryad (Lair:8)
  A deep elf fighter (Elf:1)
  3 slaves (D:9)
  A crimson imp (D:4)
  An orc priest (D:9)
  A white imp (D:4)
  2 orcs
  3 giant spores
  A rat (D:9)
  4 ballistomycetes
  23 fungi
  8 plants
  4 snaplasher vines
  1299 snaplasher vine segments
1352 creatures vanquished.

Grand Total: 2919 creatures vanquished

Notes
Turn   | Place    | Note
--------------------------------------------------------------
     0 | D:1      | faibistes, the Deep Elf Wizard, began the quest for the Orb.
     0 | D:1      | Reached XP level 1. HP: 10/10 MP: 6/6
   495 | D:1      | Reached XP level 2. HP: 15/15 MP: 0/9
   499 | D:1      | Learned a level 2 spell: Blink
   502 | D:1      | Learned a level 2 spell: Call Imp
  1397 | D:1      | Reached XP level 3. HP: 19/19 MP: 9/13
  1402 | D:1      | Learned a level 3 spell: Conjure Flame
  1406 | D:1      | Learned a level 3 spell: Mephitic Cloud
  1742 | D:3      | Reached skill level 5 in Spellcasting
  1795 | D:2      | Found a sacrificial altar of Ru.
  2627 | D:2      | Reached XP level 4. HP: 24/24 MP: 12/17
  2632 | D:2      | Learned a level 2 spell: Repel Missiles
  3363 | D:5      | Entered Level 5 of the Dungeon
  3363 | D:5      | Found an iron altar of Okawaru.
  3363 | D:5      | Found Waabeata's Magic Scroll Emporium.
  3367 | D:5      | Bought 2 scrolls of blinking for 165 gold pieces
  3448 | D:3      | Reached XP level 5. HP: 21/28 MP: 1/20
  3773 | D:4      | Reached skill level 6 in Spellcasting
  3909 | D:4      | Noticed GammafunkIsRetarded's ghost (weakling HEIE)
  3931 | D:4      | Killed GammafunkIsRetarded's ghost
  4135 | D:4      | Reached XP level 6. HP: 26/32 MP: 4/22
  4372 | D:4      | Noticed an ogre
  4424 | D:4      | Killed an ogre
  4424 | D:4      | Reached skill level 7 in Spellcasting
  4687 | D:4      | Noticed an ogre
  4831 | D:4      | Noticed an ogre
  4853 | D:4      | Killed an ogre
  4853 | D:4      | Reached skill level 1 in Fighting
  4853 | D:4      | Reached XP level 7. HP: 35/38 MP: 10/25
  4863 | D:4      | Killed an ogre
  4863 | D:4      | Reached skill level 1 in Evocations
  5408 | D:4      | Reached skill level 8 in Spellcasting
  5717 | D:4      | Reached skill level 5 in Dodging
  5820 | D:5      | Noticed Prince Ribbit
  5832 | D:5      | Killed Prince Ribbit
  5832 | D:5      | Reached XP level 8. HP: 45/45 MP: 18/28
  6000 | D:5      | Found a staircase to the Ecumenical Temple.
  6009 | Temple   | Entered the Ecumenical Temple
  6079 | Temple   | Became a worshipper of Sif Muna the Loreminder
  6267 | D:5      | Got a steaming robe
  6278 | D:5      | Identified the +4 robe of the Merchant {Int+3} (You found it on level 5 of the Dungeon)
  6405 | D:6      | Reached skill level 9 in Spellcasting
  7194 | D:6      | Reached skill level 1 in Fire Magic
  7248 | D:6      | Noticed Sigmund
  7273 | D:6      | Killed Sigmund
  7273 | D:6      | Reached skill level 1 in Air Magic
  7507 | D:6      | Acquired Sif Muna's first power
  7924 | D:7      | Learned a level 4 spell: Airstrike
  8086 | D:7      | Reached skill level 1 in Poison Magic
  8234 | D:7      | Reached XP level 9. HP: 49/49 MP: 24/29
  8724 | D:7      | Reached skill level 5 in Conjurations
  8839 | D:7      | Acquired Sif Muna's second power
  9419 | D:7      | Reached skill level 10 in Spellcasting
 10001 | D:9      | Reached skill level 1 in Charms
 10001 | D:9      | Reached skill level 1 in Invocations
 10035 | D:9      | Reached XP level 10. HP: 34/56 MP: 11/31
 10199 | D:9      | Found a flagged portal.
 10216 | Bailey   | Entered a bailey
 10223 | Bailey   | Noticed an orc knight
 10226 | Bailey   | Noticed faibistes' ghost (experienced DEWz)
 10232 | Bailey   | Killed faibistes' ghost
 10353 | Bailey   | Noticed an orc knight
 10360 | Bailey   | Killed an orc knight
 10506 | Bailey   | Reached skill level 5 in Air Magic
 10723 | Bailey   | Killed an orc knight
 10723 | Bailey   | Acquired Sif Muna's third power
 10723 | Bailey   | Reached skill level 11 in Spellcasting
 11029 | D:9      | Noticed Pikel
 11045 | D:9      | Killed Pikel
 11045 | D:9      | Reached skill level 5 in Fire Magic
 11434 | D:8      | Noticed an unseen horror
 11438 | D:8      | Killed an unseen horror
 11562 | D:8      | Reached XP level 11. HP: 60/60 MP: 18/33
 12113 | D:8      | Identified Sif Muna's Collected Works on the Traveller and Augmentations
 12236 | D:9      | Found an ancient bone altar of Kikubaaqudgha.
 12917 | D:9      | Found a snail-covered altar of Cheibriados.
 12920 | D:9      | Found a bloodstained altar of Trog.
 12938 | D:9      | Noticed a cyclops
 12954 | D:9      | Killed a cyclops
 13101 | D:9      | Reached skill level 5 in Translocations
 13352 | D:10     | Entered Level 10 of the Dungeon
 13483 | D:11     | Reached skill level 5 in Invocations
 13483 | D:11     | Reached skill level 5 in Evocations
 13682 | D:9      | Found a staircase to the Lair.
 13733 | D:9      | Learned a level 5 spell: Fireball
 13957 | D:9      | Found a burning altar of Makhleb.
 14322 | D:9      | Found a shadowy altar of Dithmenos.
 14328 | D:9      | Found a glowing silver altar of Zin.
 14384 | D:9      | Learned a level 4 spell: Force Lance
 14404 | Lair:1   | Entered Level 1 of the Lair of Beasts
 14470 | Lair:1   | Reached skill level 12 in Spellcasting
 15215 | Lair:1   | Reached skill level 5 in Charms
 15754 | Lair:2   | Learned a level 6 spell: Deflect Missiles
 16054 | Lair:2   | Reached XP level 12. HP: 67/67 MP: 19/35
 16137 | Lair:2   | Received a gift from Sif Muna
 16138 | Lair:2   | Identified Smin's Papyrus of Good Luck and Companions (Sif Muna gifted it to you on level 2 of the Lair of Beasts)
 16528 | Lair:2   | Noticed faibistes' ghost (powerful DEWz)
 16533 | Lair:2   | Killed faibistes' ghost
 16765 | Lair:2   | Noticed a five-headed hydra
 16772 | Lair:2   | Killed a five-headed hydra
 18912 | Lair:3   | Found a staircase to the Shoals.
 19074 | Lair:3   | Reached skill level 5 in Fighting
 19229 | Lair:3   | Reached skill level 13 in Spellcasting
 19236 | Lair:3   | Learned a level 5 spell: Summon Forest
 20243 | Lair:4   | Reached XP level 13. HP: 72/72 MP: 19/36
 20535 | Lair:5   | Reached skill level 5 in Summonings
 21404 | Lair:6   | Received a gift from Sif Muna
 21405 | Lair:6   | Identified Sif Muna's Disquisition on the Boosting Escort (Sif Muna gifted it to you on level 6 of the Lair of Beasts)
 21413 | Lair:6   | Learned a level 5 spell: Iskenderun's Battlesphere
 23242 | Lair:8   | Entered Level 8 of the Lair of Beasts
 23854 | Lair:6   | Reached skill level 14 in Spellcasting
 24799 | Lair:6   | Found a viscous altar of Jiyva.
 24799 | Lair:6   | Found a staircase to the Slime Pits.
 24940 | Lair:6   | Found a hole to the Spider Nest.
 25715 | Lair:7   | Reached XP level 14. HP: 80/80 MP: 17/38
 27409 | D:5      | Bought a scroll of identify for 22 gold pieces
 27409 | D:5      | Bought a scroll of identify for 22 gold pieces
 27409 | D:5      | Bought a scroll of identify for 22 gold pieces
 27409 | D:5      | Bought a scroll of identify for 22 gold pieces
 27409 | D:5      | Bought a scroll of fear for 38 gold pieces
 27597 | Lair:5   | Received a gift from Sif Muna
 27598 | Lair:5   | Identified Plegi's Handbook of Dislocation (Sif Muna gifted it to you on level 5 of the Lair of Beasts)
 28203 | Lair:8   | Reached skill level 10 in Fire Magic
 29521 | Lair:8   | Reached skill level 15 in Spellcasting
 29789 | Lair:8   | Reached skill level 10 in Conjurations
 29894 | Lair:8   | Noticed a dire elephant
 30214 | Lair:8   | Killed a dire elephant
 31031 | D:9      | Found a shimmering altar of Xom.
 31216 | D:10     | Noticed a hill giant
 31223 | D:10     | Noticed Fannar
 31223 | D:10     | Killed a hill giant
 31223 | D:10     | Reached skill level 10 in Invocations
 31226 | D:10     | Killed Fannar
 31226 | D:10     | Reached skill level 10 in Dodging
 31967 | D:10     | Noticed Josephine
 31975 | D:10     | Killed Josephine
 32186 | D:10     | Noticed a hill giant
 32190 | D:10     | Killed a hill giant
 33107 | D:11     | Found a staircase to the Orcish Mines.
 33162 | D:11     | Noticed a hill giant
 33164 | D:11     | Killed a hill giant
 33319 | D:11     | Found a portal to a secret trove of treasure.
 33762 | D:12     | Found Raoqaot's Magic Scroll Shop.
 33766 | D:12     | Bought a scroll of blinking for 97 gold pieces
 33766 | D:12     | Bought a scroll of teleportation for 39 gold pieces
 33766 | D:12     | Bought a scroll of teleportation for 39 gold pieces
 34318 | D:11     | Received a gift from Sif Muna
 34319 | D:11     | Identified Sif Muna's Sophisticated Casting (Sif Muna gifted it to you on level 11 of the Dungeon)
 34326 | D:11     | Learned a level 5 spell: Bolt of Magma
 34582 | Orc:1    | Entered Level 1 of the Orcish Mines
 35384 | Orc:2    | Reached skill level 1 in Earth Magic
 35878 | Orc:4    | Entered Level 4 of the Orcish Mines
 35882 | Orc:4    | Reached XP level 15. HP: 84/84 MP: 18/39
 36456 | Orc:1    | Noticed Edmund
 36459 | Orc:1    | Noticed Erolcha
 36615 | Orc:2    | Killed Edmund
 36683 | Orc:1    | Killed Erolcha
 37240 | Orc:3    | Paralysed by an orc sorcerer for 4 turns
 37698 | Orc:3    | Found a staircase to the Elven Halls.
 39251 | Orc:4    | Found a roughly hewn altar of Beogh.
 39356 | Orc:4    | Found Eplidoan's Magic Scroll Boutique.
 39368 | Orc:4    | Bought a scroll of identify for 26 gold pieces
 39368 | Orc:4    | Bought 3 scrolls of teleportation for 117 gold pieces
 39368 | Orc:4    | Bought a scroll of identify for 26 gold pieces
 39368 | Orc:4    | Bought a scroll of identify for 26 gold pieces
 39368 | Orc:4    | Bought 3 scrolls of identify for 78 gold pieces
 39544 | Orc:4    | Found a roughly hewn altar of Beogh.
 39544 | Orc:4    | Found Griz Ite's Weapon Shoppe.
 39935 | Orc:4    | Found a roughly hewn altar of Beogh.
 39985 | Orc:4    | Noticed an orc warlord
 40003 | Orc:4    | Killed an orc warlord
 40680 | Orc:4    | Found a roughly hewn altar of Beogh.
 40680 | Orc:4    | Found Orrutam's Antique Weapon Shop.
 40682 | Orc:4    | Found Dolo's Antique Armour Boutique.
 40780 | Elf:1    | Entered Level 1 of the Elven Halls
 40820 | Elf:1    | Reached skill level 16 in Spellcasting
 41027 | Elf:1    | Found a radiant altar of Vehumet.
 41066 | Elf:1    | Found a flickering gateway to a bazaar.
 41093 | Bazaar   | Entered a bazaar
 41197 | Bazaar   | Found Kuixt's Assorted Antiques.
 41212 | Bazaar   | Found Gruuc's Magic Scroll Shoppe.
 41212 | Bazaar   | Found Smerag's Armour Emporium.
 41233 | Bazaar   | Found Ceakk's Antique Weapon Shoppe.
 41268 | Bazaar   | Bought a scorched dagger for 126 gold pieces
 41268 | Bazaar   | Identified the +9 dagger "Thoghyam" {antimagic, Contam rElec rPois rF+ rN+} (You bought it in a shop in a bazaar)
 41478 | Bazaar   | Bought a scroll of enchant armour for 127 gold pieces
 41478 | Bazaar   | Bought a scroll of enchant armour for 127 gold pieces
 41478 | Bazaar   | Bought a scroll of recharging for 161 gold pieces
 41478 | Bazaar   | Bought a scroll of teleportation for 51 gold pieces
 41478 | Bazaar   | Bought a scroll of recharging for 161 gold pieces
 41478 | Bazaar   | Bought a scroll of teleportation for 51 gold pieces
 41478 | Bazaar   | Bought a scroll of fear for 59 gold pieces
 41478 | Bazaar   | Bought a scroll of fog for 34 gold pieces
 41500 | Bazaar   | Bought a scroll of enchant weapon for 187 gold pieces
 41500 | Bazaar   | Bought a metal-bound book for 375 gold pieces
 41500 | Bazaar   | Bought a potion of curing for 75 gold pieces
 41975 | Elf:1    | Received a gift from Sif Muna
 42487 | Elf:1    | Found a radiant altar of Vehumet.
 42629 | Elf:1    | Reached skill level 5 in Earth Magic
 42683 | Elf:1    | Reached skill level 10 in Translocations
 42862 | Elf:1    | Got an iridescent mace
 42865 | Elf:1    | Identified the +8 mace of Destiny {crush, Int+4} (You took it off a deep elf high priest on level 1 of the Elven Halls)
 43367 | Elf:1    | Identified Sif Muna's Disquisition on Combat Magic (You found it on level 1 of the Elven Halls)
 44213 | Elf:1    | Reached XP level 16. HP: 92/92 MP: 25/40
 44915 | Elf:2    | Found a runed gate.
 44916 | Elf:2    | Found a runed gate.
 44918 | Elf:2    | Found a runed gate.
 44937 | Elf:2    | Received a gift from Sif Muna
 44938 | Elf:2    | Identified Sif Muna's Disquisition on Attacks (Sif Muna gifted it to you on level 2 of the Elven Halls)
 45044 | Elf:2    | Noticed a deep elf blademaster
 45253 | Elf:2    | Identified a scroll of acquirement
 45254 | Elf:2    | Identified Lee's Papyrus of the Rocks and Transmigration (You acquired it on level 2 of the Elven Halls)
 45325 | Elf:2    | Learned a level 4 spell: Petrify
 45699 | Elf:2    | Killed a deep elf blademaster
 45699 | Elf:2    | Reached skill level 1 in Transmutations
 45760 | Elf:2    | Reached skill level 17 in Spellcasting
 46526 | Lair:2   | Learned a level 6 spell: Iron Shot
 46587 | Shoals:1 | Entered Level 1 of the Shoals
 47070 | Shoals:2 | Noticed Donald
 47405 | Shoals:1 | Killed Donald
 48283 | Shoals:1 | Received a gift from Sif Muna
 49562 | Lair:2   | Learned a level 5 spell: Ignite Poison
 49683 | Spider:1 | Entered Level 1 of the Spider Nest
 50619 | Spider:1 | Noticed Maud
 50624 | Spider:1 | Killed Maud
 50624 | Spider:1 | Reached XP level 17. HP: 95/97 MP: 18/42
 53402 | Spider:4 | Reached skill level 18 in Spellcasting
 53500 | Spider:4 | Received a gift from Sif Muna
 53607 | Spider:5 | Entered Level 5 of the Spider Nest
 55444 | Spider:4 | Learned a level 4 spell: Olgreb's Toxic Radiance
 56143 | Spider:5 | Reached skill level 10 in Earth Magic
 57186 | Spider:5 | Received a gift from Sif Muna
 57190 | Spider:5 | Identified Quac's Reference Book on Enhancements and Ignition (Sif Muna gifted it to you on level 5 of the Spider Nest)
 57559 | Spider:5 | Got a gossamer rune of Zot
 57840 | Lair:2   | Learned a level 7 spell: Controlled Blink
 57847 | Lair:2   | Learned a level 5 spell: Lee's Rapid Deconstruction
 58073 | Shoals:3 | Noticed Louise
 58319 | Shoals:3 | Noticed Mara
 58864 | Shoals:2 | Reached skill level 19 in Spellcasting
 58912 | Shoals:3 | Killed Louise
 59103 | Shoals:3 | Reached XP level 18. HP: 104/104 MP: 43/43
 59172 | Shoals:3 | Killed Mara
 59421 | Shoals:2 | Noticed Nikola
 59429 | Shoals:2 | Killed Nikola
 59437 | Shoals:2 | Got a pair of transparent gloves
 59451 | Shoals:2 | Identified the +2 pair of gloves "Sieraicw" {rN+ MR+ Int-2} (You took it off Nikola on level 2 of the Shoals)
 60143 | Shoals:4 | Found a frozen archway.
 60159 | Shoals:4 | Mangled by a snapping turtle

Action                   |  1- 3 |  4- 6 |  7- 9 | 10-12 | 13-15 | 16-18 || total
-------------------------+-------+-------+-------+-------+-------+-------++-------
Melee: Dagger            |    20 |    39 |   146 |   117 |   193 |       ||   515
       Mace              |       |       |       |       |       |     2 ||     2
       Staff             |       |       |       |       |       |     1 ||     1
 Cast: Magic Dart        |   103 |    76 |   191 |    72 |    86 |    22 ||   550
       Mephitic Cloud    |     1 |    12 |    26 |    31 |     8 |     2 ||    80
       Conjure Flame     |     1 |     8 |    38 |    38 |    45 |       ||   130
       Blink             |     1 |    11 |     5 |    12 |    12 |     3 ||    44
       Repel Missiles    |       |     1 |     1 |     3 |       |       ||     5
       Call Imp          |       |     1 |     1 |       |       |       ||     2
       Airstrike         |       |       |    15 |    82 |    33 |    55 ||   185
       Fireball          |       |       |       |   149 |   617 |   371 ||  1137
       Force Lance       |       |       |       |    36 |   102 |    60 ||   198
       Deflect Missiles  |       |       |       |     1 |     5 |     2 ||     8
       Summon Forest     |       |       |       |     1 |    23 |     1 ||    25
       Iskenderun's Batt |       |       |       |       |    24 |    40 ||    64
       Bolt of Magma     |       |       |       |       |     9 |     9 ||    18
       Ignite Poison     |       |       |       |       |       |    63 ||    63
       Iron Shot         |       |       |       |       |       |    22 ||    22
       Lee's Rapid Decon |       |       |       |       |       |     4 ||     4
       Controlled Blink  |       |       |       |       |       |     2 ||     2
       Olgreb's Toxic Ra |       |       |       |       |       |     2 ||     2
Invok: Channel Energy    |       |       |     4 |    68 |   295 |   171 ||   538
       Forget Spell      |       |       |       |       |       |     2 ||     2
Evoke: Wand              |       |       |     4 |     3 |       |     6 ||    13
  Use: Scroll            |     1 |     4 |    13 |     6 |    19 |    15 ||    58
       Potion            |       |       |     1 |       |     3 |     8 ||    12
 Stab: Sleeping          |     3 |     1 |     2 |     1 |       |       ||     7
       Confused          |       |     2 |     4 |     3 |       |       ||     9
       Distracted        |       |       |     1 |       |     2 |       ||     3
  Eat: Chunk             |     3 |     8 |    33 |    40 |   114 |    45 ||   243
       Pizza             |       |     1 |       |       |     1 |     2 ||     4
       Meat ration       |       |       |       |     2 |       |       ||     2
       Fruit             |       |       |       |       |     3 |     8 ||    11
       Royal jelly       |       |       |       |       |       |    11 ||    11
